Comets vs Little Stars
(R1)
Created - March 16, 2024 at 20:11
Goals
|
| Comets |
2 |
1 |
1 |
4 |
| Little Stars |
0 |
2 |
0 |
2 |
|
Shots
|
| Comets |
15 |
9 |
8 |
32 |
| Little Stars |
13 |
9 |
9 |
31 |
|
1st period
1. Comets , Daniel Zaar 34 (Scott Harrington 29, Nicolas Petan 62) at 7:11 (PP)
2. Comets , Curtis Lazar 18 (Phil Di Giuseppe 24) at 14:22
Penalties :
Shane Gersich (Tex) for Holding (Minor) at 7:05, Lane Pederson (Uti) for Hooking (Minor) at 15:05
2nd period
3. Comets , Mackenzie MacEachern 15 (Rasmus Asplund 4, Daniel Zaar 39) at 2:22
4. Little Stars , Matt Luff 12 (Ville Pokka 5, Tucker Poolman 14) at 14:57
5. Little Stars , Daniel O'regan 39 (Joakim Nygard 39) at 18:56
Penalties :
Rasmus Asplund (Uti) for Holding (Minor) at 3:32, Jean-Sebastien Dea (Uti) for Roughing (Minor) at 6:13, Reece Willcox (Tex) for Interference (Minor) at 11:41
3rd period
6. Comets , Ryan Lomberg 36 (Dan Renouf 13) at 15:11
Penalties :
Juho Lammikko (Uti) for Hooking (Minor) at 7:57
Goalie Stats
Thatcher Demko (Uti), 29 saves from 31 shots - (0.935), W, 30-18-2, 60:00 minutes
Michael Houser (Tex), 28 saves from 32 shots - (0.875), L, 26-14-4, 60:00 minutes
Players Stats for Comets
Player Name G A P +/- PIM S H SB GA TA FO MP PP MP PK MP
------------------------------------------------------------------------------------
Adam Ollas-Mattsson 0 0 0 1 0 0 2 2 1 2 0/0 22:08 0:38 3:04
Curtis Lazar 1 0 1 -1 0 4 1 1 0 0 0/0 12:43 0:53 0:02
Dan Renouf 0 1 1 1 0 1 0 2 0 2 0/0 21:52 0:38 2:52
Daniel Zaar 1 1 2 1 0 7 1 0 0 0 0/1 20:13 1:01 0:00
Daniil Miromanov 0 0 0 0 0 0 0 0 0 0 0/0 10:31 0:11 0:00
Guillaume Brisebois 0 0 0 0 0 1 0 1 0 0 0/0 10:31 0:11 0:00
Jean-Sebastien Dea 0 0 0 0 2 3 2 1 1 0 9/24 21:40 0:57 2:53
Juho Lammikko 0 0 0 0 2 0 2 0 0 0 2/3 14:29 0:48 0:00
Juuso Riikola 0 0 0 0 0 1 1 3 2 1 0/0 27:37 1:16 5:04
Lane Pederson 0 0 0 0 2 1 2 1 0 1 3/6 16:05 0:24 2:52
Mackenzie MacEachern 1 0 1 1 0 5 1 0 1 0 1/1 13:47 0:17 2:26
Nicolas Petan 0 1 1 0 0 2 1 1 1 0 4/8 5:40 0:06 0:33
Phil Di Giuseppe 0 1 1 -1 0 3 1 0 0 0 1/2 15:30 0:40 1:08
Rasmus Asplund 0 1 1 1 2 2 0 0 0 0 1/2 11:20 0:00 1:24
Ryan Lomberg 1 0 1 1 0 1 1 0 0 0 0/3 23:22 1:08 4:22
Scott Harrington 0 1 1 0 0 0 1 3 0 1 0/0 27:37 1:16 5:04
Trevor Moore 0 0 0 0 0 0 0 0 0 0 0/0 8:24 0:00 0:00
William Lockwood 0 0 0 1 0 1 0 0 0 0 0/0 8:31 0:01 0:00
Players Stats for Little Stars
Player Name G A P +/- PIM S H SB GA TA FO MP PP MP PK MP
------------------------------------------------------------------------------------
Cal Burke 0 0 0 -1 0 0 2 0 1 0 0/0 8:08 0:00 0:00
Collin Miller 0 0 0 0 0 1 3 4 0 1 0/0 26:57 4:35 1:22
Connor Mackey 0 0 0 -1 0 0 1 1 0 1 0/0 13:37 0:00 0:32
Daniel O'regan 1 0 1 1 0 1 4 0 0 0 16/28 21:13 4:15 1:10
Emile Poirier 0 0 0 -1 0 6 0 0 0 0 0/0 12:23 0:03 0:47
Evan Bouchard 0 0 0 -1 0 1 0 0 0 1 0/0 14:42 0:00 1:10
Filip Chytil 0 0 0 -1 0 0 0 0 0 0 2/4 9:07 0:11 0:30
Ilya Mikheyev 0 0 0 1 0 4 0 0 0 0 1/3 20:03 4:15 0:00
Jason Dickinson 0 0 0 0 0 2 0 1 0 0 7/10 18:00 3:30 0:04
Joakim Nygard 0 1 1 1 0 4 0 1 1 0 1/1 21:17 4:23 1:03
Jonathan Dahlen 0 0 0 -1 0 0 0 0 0 0 0/0 8:08 0:00 0:00
Justin Auger 0 0 0 -1 0 1 2 0 1 0 0/0 11:43 0:11 0:00
Matt Luff 1 0 1 0 0 3 2 0 0 0 1/2 17:57 3:30 0:00
Radel Fazleev 0 0 0 -1 0 2 1 0 0 0 1/1 11:03 0:00 0:00
Reece Willcox 0 0 0 0 2 0 2 1 2 1 0/0 25:23 4:35 0:06
Shane Gersich 0 0 0 0 2 2 0 0 1 0 0/1 18:42 3:30 0:36
Tucker Poolman 0 1 1 0 0 1 1 2 1 1 0/0 19:26 3:21 0:11
Ville Pokka 0 1 1 0 0 3 3 4 0 1 0/0 20:04 3:21 0:49
3 Stars
1 - Daniel Zaar (Uti)
2 - Mackenzie MacEachern (Uti)
3 - Ryan Lomberg (Uti)
Power Play
Comets - 1 on 2 Attempt(s) - 50.00%
Little Stars - 0 on 4 Attempt(s) - 0.00%
Penalty Kill
Comets - 4 on 4 Attempt(s) - 100.00%
- Score 0 goal in Penalty Kill
Little Stars - 1 on 2 Attempt(s) - 50.00%
- Score 0 goal in Penalty Kill
Team Stat
Comets - Hits : 16 - Faceoff Wins : 21 - Blocked Shots : 15 - Penalty Minutes : 8
Little Stars - Hits : 21 - Faceoff Wins : 29 - Blocked Shots : 14 - Penalty Minutes : 4
Official
Referees : Jean Hebert and Gord Dwyer
Linesman : Steve Barton and Trent Knorr
Game Notes
Nicolas Petan is injured at 15:38 of 1st period (Sprained Right Ankle)
Finance
Level 1 -- Attendance: 1877 (93.85%) -- Ticket Income $131,390
Level 2 -- Attendance: 857 (85.70%) -- Ticket Income $34,280
Total Attendance: 2734 (91.13%)
Total Ticket Income: $165,670
Other Income: $8,284
Total Income: $173,954
Comets
5 vs 5 Forward
Center Left Wing Right Wing Time % Phy DF OF
1 Nicolas Petan Ryan Lomberg Daniel Zaar 56 1 2 2
2 Jean-Sebastien Dea Phil Di Giuseppe Curtis Lazar 30 1 2 2
3 Lane Pederson Trevor Moore Juho Lammikko 10 1 2 2
4 Rasmus Asplund Mackenzie MacEachern William Lockwood 4 1 2 2
5 vs 5 Defense
Defense Defense Time % Phy DF OF
1 Scott Harrington Juuso Riikola 56 1 2 2
2 Dan Renouf Adam Ollas-Mattsson 30 1 2 2
3 Guillaume Brisebois Daniil Miromanov 10 1 2 2
4 Scott Harrington Juuso Riikola 4 1 2 2
PowerPlay Forward
Center Left Wing Right Wing Time % Phy DF OF
1 Nicolas Petan Ryan Lomberg Daniel Zaar 60 1 2 2
2 Jean-Sebastien Dea Phil Di Giuseppe Curtis Lazar 40 1 2 2
PowerPlay Defense
Defense Defense Time % Phy DF OF
1 Scott Harrington Juuso Riikola 60 1 2 2
2 Dan Renouf Adam Ollas-Mattsson 40 1 2 2
Penalty Kill 4 Players Forward
Center Wing Time % Phy DF OF
1 Nicolas Petan Ryan Lomberg 60 1 2 2
2 Jean-Sebastien Dea Phil Di Giuseppe 40 1 2 2
Penalty Kill 4 Players Defense
Defense Defense Time % Phy DF OF
1 Scott Harrington Juuso Riikola 60 1 2 2
2 Dan Renouf Adam Ollas-Mattsson 40 1 2 2
Penalty Kill - 3 Players Forward
Forward Time % Phy DF OF
1 Nicolas Petan 60 1 2 2
2 Jean-Sebastien Dea 40 1 2 2
Penalty Kill - 3 Players Defense
Defense Defense Time % Phy DF OF
1 Scott Harrington Juuso Riikola 60 1 2 2
2 Dan Renouf Adam Ollas-Mattsson 40 1 2 2
4 vs 4 Forward
Center Wing Time % Phy DF OF
1 Nicolas Petan Ryan Lomberg 60 1 2 2
2 Jean-Sebastien Dea Phil Di Giuseppe 40 1 2 2
4 vs 4 Defense
Defense Defense Time % Phy DF OF
1 Scott Harrington Juuso Riikola 60 1 2 2
2 Dan Renouf Adam Ollas-Mattsson 40 1 2 2
Last Minutes Offensive
Center Left Wing Right Wing Defense Defense
Nicolas Petan Ryan Lomberg Daniel Zaar Scott Harrington Juuso Riikola
Last Minutes Defensive
Center Left Wing Right Wing Defense Defense
Nicolas Petan Ryan Lomberg Daniel Zaar Scott Harrington Juuso Riikola
Goaltenders
Starting : Thatcher Demko
Backup : Casey DeSmith
Extra Forwards
Normal : Jean-Sebastien Dea, Juho Lammikko, Phil Di Giuseppe - PP : Jean-Sebastien Dea, Juho Lammikko - PK : Jean-Sebastien Dea
Extra Defensemen
Normal : Adam Ollas-Mattsson, Guillaume Brisebois, Daniil Miromanov - PP : Adam Ollas-Mattsson - PK : Adam Ollas-Mattsson, Guillaume Brisebois
Penalty Shots
Daniel Zaar, Curtis Lazar, Ryan Lomberg, Nicolas Petan, Jean-Sebastien Dea
Custom OT Lines Forwards
Daniel Zaar, Curtis Lazar, Ryan Lomberg, Nicolas Petan, Jean-Sebastien Dea, Juho Lammikko, Phil Di Giuseppe, Trevor Moore, Mackenzie MacEachern, William Lockwood
Custom OT Lines Defensemen
Scott Harrington, Juuso Riikola, Dan Renouf, Adam Ollas-Mattsson, Guillaume Brisebois
Scratches
Anton Zlobin (Healthy), Charles Hudon (Healthy), Jaret Anderson-Dolan (Healthy), Brandon Saigeon (Healthy), Jay O'Brien (Healthy)
Michael Joly (Healthy), Jack Rathbone (Healthy), Michael Kesselring (Healthy), Tyler Graovac (Healthy), William Lagesson (Groin Injury)
Marek Langhamer (Healthy), Michael Dipietro (Healthy)
Little Stars
5 vs 5 Forward
Center Left Wing Right Wing Time % Phy DF OF
1 Daniel O'regan Joakim Nygard Ilya Mikheyev 40 1 2 2
2 Jason Dickinson Shane Gersich Matt Luff 30 1 2 2
3 Radel Fazleev Emile Poirier Justin Auger 20 1 2 2
4 Filip Chytil Jonathan Dahlen Cal Burke 10 1 2 2
5 vs 5 Defense
Defense Defense Time % Phy DF OF
1 Collin Miller Reece Willcox 40 1 2 2
2 Tucker Poolman Ville Pokka 30 1 2 2
3 Evan Bouchard Connor Mackey 20 1 2 2
4 Collin Miller Reece Willcox 10 1 2 2
PowerPlay Forward
Center Left Wing Right Wing Time % Phy DF OF
1 Daniel O'regan Joakim Nygard Ilya Mikheyev 60 1 2 2
2 Jason Dickinson Shane Gersich Matt Luff 40 1 2 2
PowerPlay Defense
Defense Defense Time % Phy DF OF
1 Collin Miller Reece Willcox 60 1 2 2
2 Tucker Poolman Ville Pokka 40 1 2 2
Penalty Kill 4 Players Forward
Center Wing Time % Phy DF OF
1 Daniel O'regan Joakim Nygard 60 1 2 2
2 Jason Dickinson Shane Gersich 40 1 2 2
Penalty Kill 4 Players Defense
Defense Defense Time % Phy DF OF
1 Collin Miller Reece Willcox 60 1 2 2
2 Tucker Poolman Ville Pokka 40 1 2 2
Penalty Kill - 3 Players Forward
Forward Time % Phy DF OF
1 Daniel O'regan 60 1 2 2
2 Jason Dickinson 40 1 2 2
Penalty Kill - 3 Players Defense
Defense Defense Time % Phy DF OF
1 Collin Miller Reece Willcox 60 1 2 2
2 Tucker Poolman Ville Pokka 40 1 2 2
4 vs 4 Forward
Center Wing Time % Phy DF OF
1 Daniel O'regan Joakim Nygard 60 1 2 2
2 Jason Dickinson Shane Gersich 40 1 2 2
4 vs 4 Defense
Defense Defense Time % Phy DF OF
1 Collin Miller Reece Willcox 60 1 2 2
2 Tucker Poolman Ville Pokka 40 1 2 2
Last Minutes Offensive
Center Left Wing Right Wing Defense Defense
Daniel O'regan Joakim Nygard Ilya Mikheyev Collin Miller Reece Willcox
Last Minutes Defensive
Center Left Wing Right Wing Defense Defense
Daniel O'regan Joakim Nygard Ilya Mikheyev Collin Miller Reece Willcox
Goaltenders
Starting : Michael Houser
Backup : Danil Tarasov
Extra Forwards
Normal : Shane Gersich, Matt Luff, Emile Poirier - PP : Shane Gersich, Matt Luff - PK : Shane Gersich
Extra Defensemen
Normal : Ville Pokka, Evan Bouchard, Connor Mackey - PP : Ville Pokka - PK : Ville Pokka, Evan Bouchard
Penalty Shots
Ilya Mikheyev, Daniel O'regan, Joakim Nygard, Jason Dickinson, Shane Gersich
Custom OT Lines Forwards
Ilya Mikheyev, Daniel O'regan, Joakim Nygard, Jason Dickinson, Shane Gersich, Matt Luff, Emile Poirier, Justin Auger, Radel Fazleev, Jonathan Dahlen
Custom OT Lines Defensemen
Collin Miller, Reece Willcox, Tucker Poolman, Ville Pokka, Evan Bouchard
Scratches
Jack McBain (Healthy), Jean-Christophe Beaudin (Healthy), Lawrence Pilut (Healthy), Rudolfs Balcers (Healthy), Yakov Trenin (Healthy)
Joey Anderson (Healthy), Givani Smith (Healthy), Blade Jenkins (Healthy), Bulat Shafigullin (Healthy), Michael Giugovaz (Healthy)
% Time on Ice - Comets
Lines # - Real PCT - Wanted PCT - Time Play
Normal Forward
1 - 43% - 56% - 21:42
2 - 24% - 30% - 11:45
3 - 17% - 10% - 8:18
4 - 16% - 4% - 8:14
Normal Defense
1 - 44% - 56% - 21:50
2 - 37% - 30% - 18:22
3 - 20% - 10% - 9:47
4 - 0% - 4% - 0:00
PP Forward
1 - 68% - 60% - 1:25
2 - 32% - 40% - 0:40
PP Defense
1 - 70% - 60% - 1:27
2 - 30% - 40% - 0:38
PK Forward
1 - 90% - 60% - 7:10
2 - 10% - 40% - 0:46
PK Defense
1 - 64% - 60% - 5:04
2 - 36% - 40% - 2:52
PK3 Forward
1 - 0% - 60%
2 - 0% - 40%
PK3 Defense
1 - 0% - 60%
2 - 0% - 40%
44 Forward
1 - 0% - 60%
2 - 0% - 40%
44 Defense
1 - 0% - 60%
2 - 0% - 40%
Last Minute Offensive - 0:00
Last Minute Defensive - 0:00
Total
Forward - 60:00
Defense - 60:00
|
% Time on Ice - Little Stars
Lines # - Real PCT - Wanted PCT - Time Play
Normal Forward
1 - 33% - 40% - 16:22
2 - 29% - 30% - 14:26
3 - 22% - 20% - 11:03
4 - 16% - 10% - 8:08
Normal Defense
1 - 39% - 40% - 19:18
2 - 32% - 30% - 15:54
3 - 26% - 20% - 13:05
4 - 3% - 10% - 1:42
PP Forward
1 - 56% - 60% - 4:26
2 - 44% - 40% - 3:30
PP Defense
1 - 58% - 60% - 4:35
2 - 42% - 40% - 3:21
PK Forward
1 - 97% - 60% - 2:01
2 - 3% - 40% - 0:04
PK Defense
1 - 91% - 60% - 1:54
2 - 9% - 40% - 0:11
PK3 Forward
1 - 0% - 60%
2 - 0% - 40%
PK3 Defense
1 - 0% - 60%
2 - 0% - 40%
44 Forward
1 - 0% - 60%
2 - 0% - 40%
44 Defense
1 - 0% - 60%
2 - 0% - 40%
Last Minute Offensive - 0:00
Last Minute Defensive - 0:00
Total
Forward - 60:00
Defense - 60:00
|
Play-by-Play
1st period
0:01 of 1st period - Ilya Mikheyev wins face-off versus Nicolas Petan in neutral zone.
0:25 of 1st period - Collin Miller is hit by Phil Di Giuseppe and loses puck.
0:32 of 1st period - Snap shot by Phil Di Giuseppe.
0:32 of 1st period - Stopped by Michael Houser with a rebound.
0:51 of 1st period - Justin Auger is hit by Adam Ollas-Mattsson and loses puck.
3:24 of 1st period - Icing by Collin Miller.
3:25 of 1st period - Phil Di Giuseppe wins face-off versus Matt Luff in Little Stars zone.
3:26 of 1st period - Wrist shot by Curtis Lazar.
3:26 of 1st period - Shot Blocked by Collin Miller.
3:50 of 1st period - Curtis Lazar is hit by Daniel O'regan.
4:14 of 1st period - Snap shot by Justin Auger.
4:14 of 1st period - Stopped by Thatcher Demko without a rebound.
4:15 of 1st period - Daniel O'regan wins face-off versus Lane Pederson in Comets zone.
4:20 of 1st period - Wrist shot by Joakim Nygard.
4:20 of 1st period - Deflect By Daniel O'regan.
4:20 of 1st period - Shot Blocked by Juuso Riikola.
4:20 of 1st period - Puck is out of play.
4:21 of 1st period - Daniel O'regan wins face-off versus Ryan Lomberg in Comets zone.
4:46 of 1st period - Snap shot by Jean-Sebastien Dea.
4:46 of 1st period - Shot Misses the Net.
4:48 of 1st period - Snap shot by Jean-Sebastien Dea.
4:48 of 1st period - Stopped by Michael Houser with a rebound.
4:50 of 1st period - Snap shot by Curtis Lazar.
4:50 of 1st period - Stopped by Michael Houser with a rebound.
5:49 of 1st period - Evan Bouchard is hit by Ryan Lomberg and loses puck.
6:10 of 1st period - Adam Ollas-Mattsson is hit by Justin Auger and loses puck.
6:17 of 1st period - Snap shot by Justin Auger.
6:17 of 1st period - Shot Misses the Net.
6:19 of 1st period - Snap shot by Emile Poirier.
6:19 of 1st period - Stopped by Thatcher Demko without a rebound.
6:20 of 1st period - Jason Dickinson wins face-off versus Nicolas Petan in Comets zone.
6:21 of 1st period - Snap shot by Shane Gersich.
6:21 of 1st period - Deflect By Scott Harrington.
6:21 of 1st period - Shot Blocked by Scott Harrington.
6:21 of 1st period - Puck is out of play.
6:22 of 1st period - Nicolas Petan wins face-off versus Jason Dickinson in Comets zone.
6:31 of 1st period - Snap shot by Ryan Lomberg.
6:31 of 1st period - Shot Misses the Net.
6:33 of 1st period - Slapshot by Scott Harrington.
6:33 of 1st period - Shot Misses the Net.
6:59 of 1st period - Wrist shot by William Lockwood.
6:59 of 1st period - Shot Blocked by Ville Pokka.
7:05 of 1st period - Minor Penalty to Shane Gersich for Holding.
7:06 of 1st period - Nicolas Petan wins face-off versus Daniel O'regan in Little Stars zone.
7:09 of 1st period - Snap shot by Nicolas Petan.
7:09 of 1st period - Stopped by Michael Houser with a rebound.
7:11 of 1st period - Slapshot by Scott Harrington.
7:11 of 1st period - Deflect By Daniel Zaar.
7:11 of 1st period - Goal by Daniel Zaar - Comets : 1 - Little Stars : 0.
7:12 of 1st period - Daniel O'regan wins face-off versus Nicolas Petan in neutral zone.
7:37 of 1st period - Ryan Lomberg is hit by Reece Willcox and loses puck.
8:04 of 1st period - Ryan Lomberg is hit by Justin Auger and loses puck.
8:21 of 1st period - Snap shot by Ilya Mikheyev.
8:21 of 1st period - Stopped by Thatcher Demko with a rebound.
8:23 of 1st period - Slapshot by Ville Pokka.
8:23 of 1st period - Stopped by Thatcher Demko with a rebound.
8:27 of 1st period - Snap shot by Ilya Mikheyev.
8:27 of 1st period - Stopped by Thatcher Demko with a rebound.
8:29 of 1st period - Slapshot by Ilya Mikheyev.
8:29 of 1st period - Stopped by Thatcher Demko without a rebound.
8:30 of 1st period - Daniel O'regan wins face-off versus Jean-Sebastien Dea in Comets zone.
8:41 of 1st period - Joakim Nygard is hit by Curtis Lazar and loses puck.
8:46 of 1st period - Slapshot by Curtis Lazar.
8:46 of 1st period - Stopped by Michael Houser without a rebound.
8:47 of 1st period - Juho Lammikko wins face-off versus Shane Gersich in Little Stars zone.
10:18 of 1st period - Wrist shot by Jason Dickinson.
10:18 of 1st period - Shot Misses the Net.
10:32 of 1st period - Reece Willcox is hit by Nicolas Petan.
10:54 of 1st period - Wrist shot by Juho Lammikko.
10:54 of 1st period - Shot Misses the Net.
10:56 of 1st period - Slapshot by Juuso Riikola.
10:56 of 1st period - Stopped by Michael Houser with a rebound.
11:33 of 1st period - Wrist shot by Joakim Nygard.
11:33 of 1st period - Stopped by Thatcher Demko with a rebound.
11:35 of 1st period - Slapshot by Ville Pokka.
11:35 of 1st period - Deflect By Phil Di Giuseppe.
11:35 of 1st period - Stopped by Thatcher Demko without a rebound.
11:36 of 1st period - Jean-Sebastien Dea wins face-off versus Daniel O'regan in Comets zone.
11:36 of 1st period - Jean-Sebastien Dea is hit by Ville Pokka.
11:48 of 1st period - Wrist shot by Curtis Lazar.
11:48 of 1st period - Stopped by Michael Houser without a rebound.
11:49 of 1st period - Nicolas Petan wins face-off versus Daniel O'regan in Little Stars zone.
11:54 of 1st period - Wrist shot by Daniel Zaar.
11:54 of 1st period - Stopped by Michael Houser without a rebound.
11:55 of 1st period - Daniel O'regan wins face-off versus Ryan Lomberg in Little Stars zone.
12:06 of 1st period - Slapshot by Daniel Zaar.
12:06 of 1st period - Shot Blocked by Tucker Poolman.
12:08 of 1st period - Snap shot by Ryan Lomberg.
12:08 of 1st period - Shot Blocked by Tucker Poolman.
12:10 of 1st period - Slapshot by Adam Ollas-Mattsson.
12:10 of 1st period - Shot Blocked by Joakim Nygard.
12:40 of 1st period - Emile Poirier is hit by Juho Lammikko and loses puck.
12:47 of 1st period - Slapshot by Radel Fazleev.
12:47 of 1st period - Stopped by Thatcher Demko with a rebound.
13:07 of 1st period - Wrist shot by Daniel Zaar.
13:07 of 1st period - Shot Blocked by Collin Miller.
13:09 of 1st period - Wrist shot by Daniel Zaar.
13:09 of 1st period - Shot Blocked by Collin Miller.
13:19 of 1st period - Snap shot by Mackenzie MacEachern.
13:19 of 1st period - Shot Blocked by Collin Miller.
13:25 of 1st period - Snap shot by Daniel O'regan.
13:25 of 1st period - Shot Blocked by Scott Harrington.
13:27 of 1st period - Slapshot by Collin Miller.
13:27 of 1st period - Stopped by Thatcher Demko with a rebound.
13:29 of 1st period - Wrist shot by Joakim Nygard.
13:29 of 1st period - Shot Misses the Net.
13:31 of 1st period - Wrist shot by Joakim Nygard.
13:31 of 1st period - Shot Blocked by Scott Harrington.
13:33 of 1st period - Slapshot by Collin Miller.
13:33 of 1st period - Shot Misses the Net.
13:51 of 1st period - Wrist shot by Jason Dickinson.
13:51 of 1st period - Shot Blocked by Jean-Sebastien Dea.
13:53 of 1st period - Snap shot by Jason Dickinson.
13:53 of 1st period - Shot Misses the Net.
14:05 of 1st period - Snap shot by Emile Poirier.
14:05 of 1st period - Stopped by Thatcher Demko with a rebound.
14:22 of 1st period - Snap shot by Phil Di Giuseppe.
14:22 of 1st period - Deflect By Curtis Lazar.
14:22 of 1st period - Deflect By Ville Pokka.
14:22 of 1st period - Goal by Curtis Lazar - Comets : 2 - Little Stars : 0.
14:23 of 1st period - Nicolas Petan wins face-off versus Daniel O'regan in neutral zone.
14:26 of 1st period - Snap shot by Daniel Zaar.
14:26 of 1st period - Stopped by Michael Houser with a rebound.
14:28 of 1st period - Backhand shot by Daniel Zaar.
14:28 of 1st period - Stopped by Michael Houser with a rebound.
14:30 of 1st period - Slapshot by Guillaume Brisebois.
14:30 of 1st period - Stopped by Michael Houser with a rebound.
14:32 of 1st period - Snap shot by Nicolas Petan.
14:32 of 1st period - Stopped by Michael Houser with a rebound.
15:05 of 1st period - Minor Penalty to Lane Pederson for Hooking.
15:06 of 1st period - Daniel O'regan wins face-off versus Nicolas Petan in Comets zone.
15:11 of 1st period - Slapshot by Daniel O'regan.
15:11 of 1st period - Shot Blocked by Nicolas Petan.
15:37 of 1st period - Nicolas Petan is hit by Ville Pokka and loses puck.
15:38 of 1st period - Nicolas Petan from Comets is injured at 15:38 of 1st period (Sprained Right Ankle).
15:39 of 1st period - Jean-Sebastien Dea wins face-off versus Daniel O'regan in Comets zone.
16:08 of 1st period - Snap shot by Shane Gersich.
16:08 of 1st period - Stopped by Thatcher Demko with a rebound.
17:05 of 1st period - Penalty to Lane Pederson is over, Lane Pederson is back on ice.
17:20 of 1st period - Slapshot by Jean-Sebastien Dea.
17:20 of 1st period - Stopped by Michael Houser with a rebound.
17:40 of 1st period - Wrist shot by Mackenzie MacEachern.
17:40 of 1st period - Shot Blocked by Reece Willcox.
18:02 of 1st period - Wrist shot by Emile Poirier.
18:02 of 1st period - Stopped by Thatcher Demko without a rebound.
18:03 of 1st period - Daniel O'regan wins face-off versus Daniel Zaar in Comets zone.
19:24 of 1st period - Daniil Miromanov is hit by Matt Luff and loses puck.
Goals for this period are 2 for Comets vs 0 for Little Stars.
Shots for this period are 15 for Comets vs 13 for Little Stars.
2nd period
0:01 of 2nd period - Daniel O'regan wins face-off versus Jean-Sebastien Dea in neutral zone.
0:07 of 2nd period - Ryan Lomberg is hit by Collin Miller and loses puck.
1:28 of 2nd period - Wrist shot by Tucker Poolman.
1:28 of 2nd period - Deflect By Daniel O'regan.
1:28 of 2nd period - Shot Misses the Net.
1:28 of 2nd period - Puck is out of play.
1:29 of 2nd period - Daniel O'regan wins face-off versus Jean-Sebastien Dea in Comets zone.
1:38 of 2nd period - Connor Mackey is hit by Jean-Sebastien Dea and loses puck.
1:58 of 2nd period - Slapshot by Matt Luff.
1:58 of 2nd period - Shot Blocked by Adam Ollas-Mattsson.
2:22 of 2nd period - Snap shot by Mackenzie MacEachern.
2:22 of 2nd period - Goal by Mackenzie MacEachern - Comets : 3 - Little Stars : 0.
2:23 of 2nd period - Daniel O'regan wins face-off versus Jean-Sebastien Dea in neutral zone.
2:32 of 2nd period - Snap shot by Reece Willcox.
2:32 of 2nd period - Shot Misses the Net.
2:52 of 2nd period - Wrist shot by Trevor Moore.
2:52 of 2nd period - Shot Blocked by Jason Dickinson.
2:54 of 2nd period - Backhand shot by Lane Pederson.
2:54 of 2nd period - Stopped by Michael Houser without a rebound.
2:55 of 2nd period - Jason Dickinson wins face-off versus Jean-Sebastien Dea in Little Stars zone.
2:55 of 2nd period - Jason Dickinson is hit by Daniel Zaar.
3:32 of 2nd period - Minor Penalty to Rasmus Asplund for Holding.
3:33 of 2nd period - Jean-Sebastien Dea wins face-off versus Daniel O'regan in Comets zone.
5:32 of 2nd period - Penalty to Rasmus Asplund is over, Rasmus Asplund is back on ice.
5:41 of 2nd period - Juho Lammikko is hit by Radel Fazleev and loses puck.
5:47 of 2nd period - Icing by Daniel Zaar.
5:48 of 2nd period - Filip Chytil wins face-off versus Phil Di Giuseppe in Comets zone.
6:04 of 2nd period - Snap shot by Jonathan Dahlen.
6:04 of 2nd period - Deflect By Cal Burke.
6:04 of 2nd period - Shot Blocked by Guillaume Brisebois.
6:04 of 2nd period - Puck is out of play.
6:05 of 2nd period - Jason Dickinson wins face-off versus Jean-Sebastien Dea in Comets zone.
6:06 of 2nd period - Slapshot by Shane Gersich.
6:06 of 2nd period - Deflect By Jason Dickinson.
6:06 of 2nd period - Shot Misses the Net.
6:06 of 2nd period - Puck is out of play.
6:07 of 2nd period - Jean-Sebastien Dea wins face-off versus Jason Dickinson in Comets zone.
6:13 of 2nd period - Minor Penalty to Jean-Sebastien Dea for Roughing.
6:14 of 2nd period - Joakim Nygard wins face-off versus Lane Pederson in Comets zone.
6:16 of 2nd period - Snap shot by Joakim Nygard.
6:16 of 2nd period - Shot Blocked by Juuso Riikola.
6:30 of 2nd period - Snap shot by Joakim Nygard.
6:30 of 2nd period - Stopped by Thatcher Demko with a rebound.
6:47 of 2nd period - Off-side.
6:48 of 2nd period - Lane Pederson wins face-off versus Ilya Mikheyev in neutral zone.
6:51 of 2nd period - Joakim Nygard is hit by Lane Pederson and loses puck.
7:00 of 2nd period - Wrist shot by Joakim Nygard.
7:00 of 2nd period - Stopped by Thatcher Demko with a rebound.
7:02 of 2nd period - Wrist shot by Ville Pokka.
7:02 of 2nd period - Shot Blocked by Dan Renouf.
7:04 of 2nd period - Snap shot by Tucker Poolman.
7:04 of 2nd period - Stopped by Thatcher Demko with a rebound.
8:13 of 2nd period - Penalty to Jean-Sebastien Dea is over, Jean-Sebastien Dea is back on ice.
8:25 of 2nd period - Daniel Zaar is hit by Ville Pokka and loses puck.
9:05 of 2nd period - Snap shot by Phil Di Giuseppe.
9:05 of 2nd period - Shot Blocked by Ville Pokka.
9:15 of 2nd period - Mackenzie MacEachern is hit by Cal Burke and loses puck.
9:30 of 2nd period - Juho Lammikko is hit by Reece Willcox.
10:11 of 2nd period - Daniel O'regan is hit by Mackenzie MacEachern and loses puck.
10:18 of 2nd period - Lane Pederson is hit by Daniel O'regan and loses puck.
10:43 of 2nd period - Snap shot by Daniel Zaar.
10:43 of 2nd period - Shot Misses the Net.
10:45 of 2nd period - Wrist shot by Mackenzie MacEachern.
10:45 of 2nd period - Stopped by Michael Houser with a rebound.
11:07 of 2nd period - Backhand shot by Mackenzie MacEachern.
11:07 of 2nd period - Stopped by Michael Houser without a rebound.
11:08 of 2nd period - Jean-Sebastien Dea wins face-off versus Daniel O'regan in Little Stars zone.
11:37 of 2nd period - Wrist shot by Juho Lammikko.
11:37 of 2nd period - Shot Misses the Net.
11:39 of 2nd period - Wrist shot by Juho Lammikko.
11:39 of 2nd period - Shot Misses the Net.
11:41 of 2nd period - Minor Penalty to Reece Willcox for Interference.
11:42 of 2nd period - Daniel O'regan wins face-off versus Jean-Sebastien Dea in Little Stars zone.
12:05 of 2nd period - Phil Di Giuseppe is hit by Daniel O'regan and loses puck.
12:44 of 2nd period - Juho Lammikko is hit by Tucker Poolman and loses puck.
13:41 of 2nd period - Penalty to Reece Willcox is over, Reece Willcox is back on ice.
14:43 of 2nd period - Icing by Tucker Poolman.
14:44 of 2nd period - Mackenzie MacEachern wins face-off versus Ilya Mikheyev in Little Stars zone.
14:49 of 2nd period - Snap shot by Phil Di Giuseppe.
14:49 of 2nd period - Stopped by Michael Houser without a rebound.
14:50 of 2nd period - Jason Dickinson wins face-off versus Jean-Sebastien Dea in Little Stars zone.
14:55 of 2nd period - Slapshot by Ville Pokka.
14:55 of 2nd period - Stopped by Thatcher Demko with a rebound.
14:57 of 2nd period - Snap shot by Matt Luff.
14:57 of 2nd period - Goal by Matt Luff - Comets : 3 - Little Stars : 1.
14:58 of 2nd period - Jean-Sebastien Dea wins face-off versus Daniel O'regan in neutral zone.
15:29 of 2nd period - Shane Gersich is hit by Juho Lammikko and loses puck.
15:50 of 2nd period - Wrist shot by Jason Dickinson.
15:50 of 2nd period - Stopped by Thatcher Demko with a rebound.
15:52 of 2nd period - Backhand shot by Evan Bouchard.
15:52 of 2nd period - Shot Misses the Net.
15:54 of 2nd period - Wrist shot by Matt Luff.
15:54 of 2nd period - Stopped by Thatcher Demko without a rebound.
15:55 of 2nd period - Jean-Sebastien Dea wins face-off versus Daniel O'regan in Comets zone.
16:10 of 2nd period - Wrist shot by Ilya Mikheyev.
16:10 of 2nd period - Stopped by Thatcher Demko with a rebound.
16:31 of 2nd period - Trevor Moore is hit by Collin Miller and loses puck.
16:42 of 2nd period - Jonathan Dahlen is hit by Jean-Sebastien Dea.
17:12 of 2nd period - Wrist shot by Jason Dickinson.
17:12 of 2nd period - Shot Misses the Net.
17:24 of 2nd period - Snap shot by William Lockwood.
17:24 of 2nd period - Stopped by Michael Houser with a rebound.
17:26 of 2nd period - Snap shot by Rasmus Asplund.
17:26 of 2nd period - Stopped by Michael Houser with a rebound.
18:06 of 2nd period - Jason Dickinson is hit by Scott Harrington and loses puck.
18:46 of 2nd period - Icing by Ilya Mikheyev.
18:47 of 2nd period - Daniel O'regan wins face-off versus Jean-Sebastien Dea in Little Stars zone.
18:54 of 2nd period - Slapshot by Daniel O'regan.
18:54 of 2nd period - Shot Misses the Net.
18:56 of 2nd period - Wrist shot by Daniel O'regan.
18:56 of 2nd period - Goal by Daniel O'regan - Comets : 3 - Little Stars : 2.
18:57 of 2nd period - Daniel O'regan wins face-off versus Jean-Sebastien Dea in neutral zone.
19:48 of 2nd period - Snap shot by Rasmus Asplund.
19:48 of 2nd period - Stopped by Michael Houser without a rebound.
19:49 of 2nd period - Rasmus Asplund wins face-off versus Filip Chytil in Little Stars zone.
19:58 of 2nd period - Wrist shot by Mackenzie MacEachern.
19:58 of 2nd period - Stopped by Michael Houser with a rebound.
Goals for this period are 1 for Comets vs 2 for Little Stars.
Shots for this period are 9 for Comets vs 9 for Little Stars.
3rd period
0:01 of 3rd period - Jean-Sebastien Dea wins face-off versus Daniel O'regan in neutral zone.
0:08 of 3rd period - Snap shot by Daniel Zaar.
0:08 of 3rd period - Stopped by Michael Houser without a rebound.
0:09 of 3rd period - Daniel O'regan wins face-off versus Jean-Sebastien Dea in Little Stars zone.
0:50 of 3rd period - Snap shot by Daniel Zaar.
0:50 of 3rd period - Stopped by Michael Houser without a rebound.
0:51 of 3rd period - Lane Pederson wins face-off versus Jason Dickinson in Little Stars zone.
0:52 of 3rd period - Snap shot by Juho Lammikko.
0:52 of 3rd period - Shot Misses the Net.
1:12 of 3rd period - Trevor Moore is hit by Matt Luff and loses puck.
1:51 of 3rd period - Snap shot by Jean-Sebastien Dea.
1:51 of 3rd period - Stopped by Michael Houser with a rebound.
1:53 of 3rd period - Slapshot by Dan Renouf.
1:53 of 3rd period - Stopped by Michael Houser with a rebound.
3:05 of 3rd period - Wrist shot by Ryan Lomberg.
3:05 of 3rd period - Deflect By Lane Pederson.
3:05 of 3rd period - Shot Blocked by Ville Pokka.
3:05 of 3rd period - Puck is out of play.
3:06 of 3rd period - Daniel O'regan wins face-off versus Lane Pederson in Little Stars zone.
3:38 of 3rd period - Snap shot by Joakim Nygard.
3:38 of 3rd period - Stopped by Thatcher Demko without a rebound.
3:39 of 3rd period - Jason Dickinson wins face-off versus Jean-Sebastien Dea in Comets zone.
3:46 of 3rd period - Slapshot by Jason Dickinson.
3:46 of 3rd period - Stopped by Thatcher Demko with a rebound.
4:22 of 3rd period - Snap shot by Mackenzie MacEachern.
4:22 of 3rd period - Stopped by Michael Houser with a rebound.
4:49 of 3rd period - Icing by Juuso Riikola.
4:50 of 3rd period - Filip Chytil wins face-off versus Juho Lammikko in Comets zone.
5:03 of 3rd period - Backhand shot by Shane Gersich.
5:03 of 3rd period - Shot Misses the Net.
5:05 of 3rd period - Snap shot by Shane Gersich.
5:05 of 3rd period - Shot Misses the Net.
5:40 of 3rd period - Snap shot by Emile Poirier.
5:40 of 3rd period - Stopped by Thatcher Demko with a rebound.
5:42 of 3rd period - Snap shot by Radel Fazleev.
5:42 of 3rd period - Stopped by Thatcher Demko with a rebound.
6:25 of 3rd period - Snap shot by Jean-Sebastien Dea.
6:25 of 3rd period - Deflect By Phil Di Giuseppe.
6:25 of 3rd period - Stopped by Michael Houser with a rebound.
6:27 of 3rd period - Wrist shot by Phil Di Giuseppe.
6:27 of 3rd period - Shot Misses the Net.
6:37 of 3rd period - Slapshot by Ilya Mikheyev.
6:37 of 3rd period - Shot Misses the Net.
6:39 of 3rd period - Wrist shot by Connor Mackey.
6:39 of 3rd period - Shot Blocked by Lane Pederson.
6:41 of 3rd period - Slapshot by Evan Bouchard.
6:41 of 3rd period - Stopped by Thatcher Demko without a rebound.
6:42 of 3rd period - Jean-Sebastien Dea wins face-off versus Daniel O'regan in Comets zone.
6:49 of 3rd period - Daniil Miromanov is hit by Daniel O'regan and loses puck.
7:36 of 3rd period - Backhand shot by Curtis Lazar.
7:36 of 3rd period - Shot Blocked by Ville Pokka.
7:48 of 3rd period - Snap shot by Daniel Zaar.
7:48 of 3rd period - Stopped by Michael Houser without a rebound.
7:49 of 3rd period - Juho Lammikko wins face-off versus Filip Chytil in Little Stars zone.
7:50 of 3rd period - Wrist shot by Daniel Zaar.
7:50 of 3rd period - Shot Misses the Net.
7:57 of 3rd period - Minor Penalty to Juho Lammikko for Hooking.
7:58 of 3rd period - Daniel O'regan wins face-off versus Jean-Sebastien Dea in Comets zone.
9:57 of 3rd period - Penalty to Juho Lammikko is over, Juho Lammikko is back on ice.
10:01 of 3rd period - Icing by Adam Ollas-Mattsson.
10:02 of 3rd period - Radel Fazleev wins face-off versus Rasmus Asplund in Comets zone.
10:11 of 3rd period - Wrist shot by Emile Poirier.
10:11 of 3rd period - Shot Misses the Net.
10:17 of 3rd period - Wrist shot by Emile Poirier.
10:17 of 3rd period - Stopped by Thatcher Demko with a rebound.
10:27 of 3rd period - Daniel Zaar is hit by Connor Mackey and loses puck.
10:40 of 3rd period - Backhand shot by Trevor Moore.
10:40 of 3rd period - Shot Misses the Net.
11:47 of 3rd period - Tucker Poolman is hit by Juuso Riikola and loses puck.
12:20 of 3rd period - Slapshot by Daniel O'regan.
12:20 of 3rd period - Shot Blocked by Juuso Riikola.
13:03 of 3rd period - Daniel Zaar is hit by Collin Miller.
13:55 of 3rd period - Wrist shot by Emile Poirier.
13:55 of 3rd period - Stopped by Thatcher Demko without a rebound.
13:56 of 3rd period - Jason Dickinson wins face-off versus Ryan Lomberg in Comets zone.
14:05 of 3rd period - Icing by Connor Mackey.
14:06 of 3rd period - Matt Luff wins face-off versus Jean-Sebastien Dea in Little Stars zone.
14:06 of 3rd period - Matt Luff is hit by Adam Ollas-Mattsson.
14:37 of 3rd period - Snap shot by Jason Dickinson.
14:37 of 3rd period - Shot Blocked by Dan Renouf.
14:59 of 3rd period - Wrist shot by Ryan Lomberg.
14:59 of 3rd period - Shot Blocked by Connor Mackey.
15:01 of 3rd period - Backhand shot by Ryan Lomberg.
15:01 of 3rd period - Shot Misses the Net.
15:11 of 3rd period - Slapshot by Ryan Lomberg.
15:11 of 3rd period - Goal by Ryan Lomberg - Comets : 4 - Little Stars : 2.
15:12 of 3rd period - Lane Pederson wins face-off versus Daniel O'regan in neutral zone.
15:37 of 3rd period - Phil Di Giuseppe is hit by Cal Burke and loses puck.
16:30 of 3rd period - Icing by Jason Dickinson.
16:31 of 3rd period - Jason Dickinson wins face-off versus Jean-Sebastien Dea in Little Stars zone.
16:44 of 3rd period - Wrist shot by Justin Auger.
16:44 of 3rd period - Shot Misses the Net.
16:46 of 3rd period - Wrist shot by Radel Fazleev.
16:46 of 3rd period - Shot Misses the Net.
17:00 of 3rd period - Snap shot by Jason Dickinson.
17:00 of 3rd period - Shot Blocked by Adam Ollas-Mattsson.
17:02 of 3rd period - Snap shot by Collin Miller.
17:02 of 3rd period - Shot Blocked by Curtis Lazar.
17:04 of 3rd period - Slapshot by Matt Luff.
17:04 of 3rd period - Stopped by Thatcher Demko with a rebound.
17:08 of 3rd period - Slapshot by Shane Gersich.
17:08 of 3rd period - Stopped by Thatcher Demko with a rebound.
17:28 of 3rd period - Snap shot by Daniel Zaar.
17:28 of 3rd period - Shot Misses the Net.
18:10 of 3rd period - Tucker Poolman is hit by Lane Pederson and loses puck.
Goals for this period are 1 for Comets vs 0 for Little Stars.
Shots for this period are 8 for Comets vs 9 for Little Stars.
Output by the SimonT Hockey Simulator (STHS) for Francois Prevost